 Dungeon Crawl Stone Soup version 0.18.1-1-g2f07953 (webtiles) character file.

975 Sinerlol the Shield-Bearer (level 8, -5/48 HPs)
             Began as a Gargoyle Fighter on May 6, 2016.
             Was a Follower of Okawaru.
             Splashed by an oklob plant's acid (16 damage)
             ... on level 6 of the Dungeon.
             The game lasted 00:22:59 (5955 turns).

Sinerlol the Shield-Bearer (Gargoyle Fighter)       Turns: 5955, Time: 00:22:59

Health: -5/48      AC: 13    Str: 22    XL:     8   Next: 16%
Magic:  8/8        EV:  9    Int:  8    God:    Okawaru [*.....]
Gold:   226        SH: 12    Dex: 10    Spells: 0 memorised, 7 levels left

rFire  . . .     SeeInvis +     a - +0 war axe
rCold  . . .     Gourm    .     b - +0 scale mail
rNeg   + . .     Faith    .     c - +2 shield
rPois  ∞         Spirit   .     (no helmet)
rElec  +         Dismiss  .     (no cloak)
rCorr  .         Reflect  .     (no gloves)
SustAt .         Harm     .     (no boots)
MR     .....                    (no amulet)
Stlth  ..........               s - ring of see invisible
                                m - +5 ring of protection

@: corroded, not resistant to hostile enchantments, extremely unstealthy
A: negative energy resistance 1, electricity resistance, unbreathing,
petrification resistance, rot immunity, AC +5
a: Heroism, Renounce Religion


You were on level 6 of the Dungeon.
You worshipped Okawaru.
Okawaru was aware of your devotion.
You were not hungry.

You visited 1 branch of the dungeon, and saw 6 of its levels.
You also visited: Ossuary.

You collected 226 gold pieces.

Inventory:

Hand Weapons
 a - a +0 war axe (weapon)
 g - a +0 shortbow of freezing
 h - a +0 dagger
Missiles
 e - 176 stones (quivered)
Armour
 b - a +0 scale mail (worn)
 c - a +2 shield (worn)
 j - a +0 animal skin
Jewellery
 m - a +5 ring of protection (left hand)
 s - a ring of see invisible (right hand)
Wands
 d - a wand of slowing (30/48)
 f - a wand of acid (9/15)
 q - a wand of acid (7/15)
Scrolls
 l - 4 scrolls of identify
 o - a scroll of immolation
 u - a scroll of teleportation
 w - a scroll of fog
Potions
 i - a potion of lignification
 k - a potion of curing {unknown}
 r - a potion of flight
 x - a potion of might
Books
 v - a book of Geomancy

   Spells                             Type                      Level
   a - Sandblast                      Earth                        1
   b - Passwall                       Transmutation/Earth          2
   c - Stone Arrow                    Conjuration/Earth            3
   d - Petrify                        Transmutation/Earth          4
   e - Lee's Rapid Deconstruction     Earth                        5
Comestibles
 n - a royal jelly
 p - a bread ration
 t - 4 fruits


   Skills:
 + Level 4.9 Fighting
 + Level 2.9(3.2) Axes
   Level 1.9(2.8) Maces & Flails
 + Level 5.3 Armour
 + Level 3.8 Dodging
 + Level 6.0 Shields


You had 7 spell levels left.
You didn't know any spells.

Dungeon Overview and Level Annotations

Branches:
Dungeon (6/15)
 Temple: D:4-7

Altars:
Elyvilon
Fedhas
Gozag
Nemelex Xobeh
Okawaru
Qazlal
Ru
Sif Muna
Trog
Xom
The Shining One

Annotations:
D:6 exclusion: oklob plant


Innate Abilities, Weirdness & Mutations

You are resistant to torment.
Your stone body is resilient (AC +5).
You are immune to poison.
You resist negative energy.
You are resistant to electric shocks.
You can survive without breathing.
You are immune to petrification.
You are immune to rotting.


Message History

You are no longer corroded.
You start resting.
You start resting.
HP restored.
You start waiting.
Done waiting.
Really walk into a travel-excluded area?
The oklob plant spits acid at you. The splash of acid hits you!
The acid burns!
The oklob plant spits acid at you. You block the splash of acid.
You see here 2 fruits.
t - 4 fruits (gained 2)
The oklob plant spits acid at you. The splash of acid hits you!
The acid corrodes you!
The acid burns!
The oklob plant spits acid at you. The splash of acid hits you!
* * * LOW HITPOINT WARNING * * *
The acid corrodes you!
The acid burns!
You die... ................................. #######..........#############... ##################### ########... #♣PPPP#PPP♣PPPP#P#PP#

#.......... #P♣P♣.PP#♣#♣PP.#.P♣P#
#.#########
#P♣PP♣..P.#PPPPP.%P####.#........
#P.P#PP.PPP♣P#PPP%.P#........####
#PPP♣P........#PP%PP####.....#
#,,♣P..≈≈≈≈≈....@..##..'.....#
#P##..≈≈≈≈≈≈≈..PPPP#####.....####
#PP..≈≈≈≈≈≈≈≈≈...P♣♣#.....#......
#.♣.≈≈≈≈≈≈≈≈≈≈≈.PPPP#.###########
###.≈≈≈≈...≈≈≈≈.♣.PP#..#.).(.# #
....≈≈≈≈._......PP♣P#..#.###.# #
###.≈≈≈≈...≈≈≈≈.P####..#<.<#.####
#♣.≈≈≈≈≈≈≈≈≈≈≈..P.P######.#.....
#♣P..≈≈≈≈≈≈≈≈≈...PPP#......######


You could see an oklob plant.

Vanquished Creatures
  A centaur (D:6)
  2 giant frogs (D:6)
  A water moccasin zombie (D:5)
  A scorpion (D:5)
  A howler monkey (D:4)
  The ghost of imoen the Ruffian, a weakling VSMo (D:4)
  A crimson imp (D:5)
  2 orc priests
  A giant frog skeleton (D:6)
  5 orc wizards
  3 worker ants
  A big kobold zombie (Ossuary)
  3 mummies (Ossuary)
  11 adders
  An ooze (D:5)
  4 worms
  3 dart slugs (D:3)
  3 giant geckos
  11 orcs
  4 ball pythons
  6 giant cockroaches
  A gnoll zombie (Ossuary)
  5 goblins
  7 hobgoblins
  6 jackals
  10 kobolds
  2 bats
  3 giant newts
  2 hobgoblin zombies (Ossuary)
  2 kobold zombies (Ossuary)
  An orc zombie (Ossuary)
  7 rats
  2 plants (D:6)
114 creatures vanquished.

Vanquished Creatures (others)
  15 toadstools (D:6)
15 creatures vanquished.

Grand Total: 129 creatures vanquished

Notes
Turn   | Place    | Note
--------------------------------------------------------------
     0 | D:1      | Sinerlol the Gargoyle Fighter began the quest for the Orb.
     0 | D:1      | Reached XP level 1. HP: 14/14 MP: 1/1
   311 | D:1      | Reached XP level 2. HP: 18/19 MP: 2/2
   716 | D:2      | Found an iron altar of Okawaru.
   747 | D:2      | Became a worshipper of Warmaster Okawaru
   841 | D:2      | Reached XP level 3. HP: 15/23 MP: 3/3
   868 | D:2      | Found a white marble altar of Elyvilon.
  1161 | D:2      | Reached skill level 4 in Shields
  2109 | D:2      | Reached XP level 4. HP: 29/29 MP: 4/4
  2221 | D:3      | Found a sparkling altar of Nemelex Xobeh.
  2454 | D:3      | Reached skill level 1 in Dodging
  2620 | D:3      | Reached XP level 5. HP: 24/33 MP: 5/5
  2637 | D:3      | Found a stormy altar of Qazlal.
  2810 | D:4      | Found a sand-covered staircase.
  2820 | Ossuary  | Entered an ossuary
  2907 | Ossuary  | Reached skill level 1 in Maces & Flails
  3293 | D:4      | Noticed imoen's ghost (weakling VSMo)
  3301 | D:4      | Reached XP level 6. HP: 38/38 MP: 6/6
  3313 | D:4      | Killed imoen's ghost
  3320 | D:4      | Got a vibrating wooden ring
  3322 | D:4      | Identified the ring "Cemot" {Fragile +Inv rF+ Int+7} (You found it on level 4 of the Dungeon)
  3377 | D:4      | Found an opulent altar of Gozag.
  3473 | D:4      | Found a glowing golden altar of the Shining One.
  3473 | D:4      | Found a shimmering altar of Xom.
  3527 | D:4      | Found a sacrificial altar of Ru.
  4267 | D:5      | Entered Level 5 of the Dungeon
  4354 | D:5      | Got a steaming robe
  4365 | D:5      | Identified the cursed +0 robe of the Catamount {Slay+3} (You found it on level 5 of the Dungeon)
  4411 | D:5      | Reached skill level 5 in Shields
  4574 | D:5      | Reached XP level 7. HP: 42/44 MP: 7/7
  4577 | D:5      | Reached * piety under Okawaru
  5118 | D:6      | Found a deep blue altar of Sif Muna.
  5269 | D:6      | Found a bloodstained altar of Trog.
  5274 | D:6      | Reached skill level 5 in Armour
  5320 | D:6      | Reached XP level 8. HP: 37/48 MP: 8/8
  5333 | D:6      | Reached skill level 6 in Shields
  5487 | D:6      | Found a blossoming altar of Fedhas.
  5500 | D:6      | Noticed an oklob plant
  5955 | D:6      | Splashed by an oklob plant's acid

Skill      XL: |  1  2  3  4  5  6  7  8 |
---------------+-------------------------+-----
Axes           | 2 |  2.9
Shields        | 4 5 6 |  6.0
Dodging        | 1 2 3 |  3.8
Armour         | 4 5 |  5.3
Fighting       | 4 |  4.9
Maces & Flails | 1 |  1.9

Action                   |  1- 3 |  4- 6 |  7- 9 || total
-------------------------+-------+-------+-------++-------
Melee: War axe           |    92 |       |   105 ||   197
       Whip              |    11 |   277 |    57 ||   345
  Use: Scroll            |     4 |     3 |     4 ||    11
       Potion            |     2 |     5 |     3 ||    10
  Eat: Meat ration       |     1 |     1 |       ||     2
       Bread ration      |     1 |     1 |       ||     2
       Royal jelly       |       |     1 |       ||     1
Armor: Scale mail        |    66 |   163 |    80 ||   309
Dodge: Dodged            |    36 |   110 |    54 ||   200
Block: Shield            |    52 |   194 |   112 ||   358
